PA
GWINNETT COUNTY BLACK CATS @ WALLA WALLA WALLEYE
08/20/2025
 
TOP OF THE 1ST
Gwinnett County Black Cats batting - Pitching for Walla Walla Walleye : RHP Ricardo Landrón
Pitching: RHP Ricardo Landrón
Batting: RHB Luis Guerrero 0-0: Ball
1-0: Ball
2-0: Bunt missed!
2-1: SINGLE (Line Drive, 9LM)
Batting: LHB Darrell Woodmansee 0-0: Ball
1-0: Called Strike
1-1: Ball
2-1: Ball
3-1: Called Strike
3-2: Grounds into double play, 4-6-3 (Groundball, 4)
Batting: RHB Dave Shaw 0-0: Ball
1-0: Called Strike
1-1: Swinging Strike
1-2: Foul Ball, location: 2F
1-2: Ball
2-2: Ball
3-2: Fly out, F9 (Flyball, 9S)
Top of the 1st over - 0 run(s), 1 hit(s), 0 error(s), 0 left on base; Gwinnett County 0 - Walla Walla 0
BOTTOM OF THE 1ST
Walla Walla Walleye batting - Pitching for Gwinnett County Black Cats : RHP Javier Reyes
Pitching: RHP Javier Reyes
Batting: RHB Jerry Duke 0-0: Foul Ball, location: 2F
0-1: Ball
1-1: Ground out 5-3 (Groundball, 56)
Batting: SHB António Zúñiga 0-0: Ball
1-0: Called Strike
1-1: Ball
2-1: Foul Ball, location: 2F
2-2: DOUBLE (Flyball, 78D)
Batting: RHB Jing-sheng Joo 0-0: Swinging Strike
0-1: Ground out 5-3 (Groundball, 56)
Batting: LHB Michael Malloy 0-0: Ball
1-0: Ball
2-0: Ground out 6-3 (Groundball, 6S)
Bottom of the 1st over - 0 run(s), 1 hit(s), 0 error(s), 1 left on base; Gwinnett County 0 - Walla Walla 0
TOP OF THE 2ND
Gwinnett County Black Cats batting - Pitching for Walla Walla Walleye : RHP Ricardo Landrón
Batting: SHB Ted Tullo 0-0: Ball
1-0: Ball
2-0: Swinging Strike
2-1: Ball
3-1: Fly out, F3 (Line Drive, 34)
Batting: RHB King Tracy 0-0: Ground out 5-3 (Groundball, 5D)
Batting: RHB Aaron Taylor 0-0: DOUBLE (Flyball, 7)
Batting: LHB Octávio Ontiveros 0-0: Fly out, F9 (Line Drive, 9)
Top of the 2nd over - 0 run(s), 1 hit(s), 0 error(s), 1 left on base; Gwinnett County 0 - Walla Walla 0
BOTTOM OF THE 2ND
Walla Walla Walleye batting - Pitching for Gwinnett County Black Cats : RHP Javier Reyes
Batting: RHB Joe Dundee 0-0: Ball
1-0: Swinging Strike
1-1: Swinging Strike
1-2: Foul Ball, location: 2F
1-2: Foul Ball, location: 2F
1-2: Foul Ball, location: 2F
1-2: Strikes out swinging
Batting: LHB Gareth Monahan 0-0: Ball
1-0: Ball
2-0: Foul Ball, location: 2F
2-1: SINGLE (Line Drive, 9S)
Batting: SHB Horatio McAllister 0-0: Called Strike
0-1: Fielders Choice at 2nd, 2-4 (Groundball, 2L)
Batting: RHB Juan Martínez 0-0: Foul Ball, location: 2F
0-1: Foul Ball, location: 2F
0-2: Strikes out swinging
Bottom of the 2nd over - 0 run(s), 1 hit(s), 0 error(s), 1 left on base; Gwinnett County 0 - Walla Walla 0
TOP OF THE 3RD
Gwinnett County Black Cats batting - Pitching for Walla Walla Walleye : RHP Ricardo Landrón
Batting: RHB Sidney Mackell 0-0: Swinging Strike
0-1: Ball
1-1: Ball
2-1: Ball
3-1: Base on Balls
Batting: RHB Chang-lit Min 0-0: Ball
1-0: Ball
Sidney Mackell is caught stealing 2nd base
2-0: Reached on error, E9 (Flyball, 9)
Batting: RHB Luis Guerrero 0-0: Grounds into double play, 5-4-3 (Groundball, 56)
Top of the 3rd over - 0 run(s), 0 hit(s), 1 error(s), 0 left on base; Gwinnett County 0 - Walla Walla 0
BOTTOM OF THE 3RD
Walla Walla Walleye batting - Pitching for Gwinnett County Black Cats : RHP Javier Reyes
Batting: RHB Joaquín Villarreal 0-0: Ball
1-0: Fly out, F8 (Flyball, 78M)
Batting: RHB Jerry Duke 0-0: Ball
1-0: Foul Ball, location: 2F
1-1: Ball
2-1: Ground out 6-3 (Groundball, 6)
Batting: SHB António Zúñiga 0-0: Called Strike
0-1: Foul Ball, location: 2F
0-2: Ball
1-2: Ball
2-2: Ball
3-2: Foul Ball, location: 2F
3-2: Strikes out swinging, 2-3 out at first.
Bottom of the 3rd over - 0 run(s), 0 hit(s), 0 error(s), 0 left on base; Gwinnett County 0 - Walla Walla 0
TOP OF THE 4TH
Gwinnett County Black Cats batting - Pitching for Walla Walla Walleye : RHP Ricardo Landrón
Batting: LHB Darrell Woodmansee 0-0: Ball
1-0: Foul Ball, location: 2F
1-1: SINGLE (Groundball, 34S) (infield hit)
Batting: RHB Dave Shaw 0-0: Grounds into double play, 4-6-3 (Groundball, 4)
Batting: SHB Ted Tullo 0-0: Ball
1-0: Foul Ball, location: 2F
1-1: Ball
2-1: Ball
3-1: Called Strike
3-2: SINGLE (Flyball, 8RS)
Batting: RHB King Tracy 0-0: Called Strike
Ted Tullo steals 2nd base
0-1: Swinging Strike
0-2: Ball
1-2: Strikes out swinging
Top of the 4th over - 0 run(s), 2 hit(s), 0 error(s), 1 left on base; Gwinnett County 0 - Walla Walla 0
BOTTOM OF THE 4TH
Walla Walla Walleye batting - Pitching for Gwinnett County Black Cats : RHP Javier Reyes
Batting: RHB Jing-sheng Joo 0-0: Ground out 5-3 (Groundball, 5)
Batting: LHB Michael Malloy 0-0: Foul Ball, location: 2F
0-1: Ball
1-1: SINGLE (Line Drive, 7S)
Batting: RHB Joe Dundee 0-0: Ball
1-0: Foul Ball, location: 2F
1-1: Grounds into double play, 5-4-3 (Groundball, 56)
Bottom of the 4th over - 0 run(s), 1 hit(s), 0 error(s), 0 left on base; Gwinnett County 0 - Walla Walla 0
TOP OF THE 5TH
Gwinnett County Black Cats batting - Pitching for Walla Walla Walleye : RHP Ricardo Landrón
Batting: RHB Aaron Taylor 0-0: Ball
1-0: Ball
2-0: Called Strike
2-1: Ground out 6-3 (Groundball, 6)
Batting: LHB Octávio Ontiveros 0-0: Foul Ball, location: 2F
0-1: SINGLE (Groundball, 34) (infield hit)
Batting: RHB Sidney Mackell 0-0: Ball
Octávio Ontiveros is caught stealing 2nd base
1-0: Ball
2-0: Fly out, F8 (Flyball, 78M)
Top of the 5th over - 0 run(s), 1 hit(s), 0 error(s), 0 left on base; Gwinnett County 0 - Walla Walla 0
BOTTOM OF THE 5TH
Walla Walla Walleye batting - Pitching for Gwinnett County Black Cats : RHP Javier Reyes
Batting: LHB Gareth Monahan 0-0: Called Strike
0-1: Called Strike
0-2: Ball
1-2: Ball
2-2: Foul Ball, location: 2F
2-2: Fly out, F5 (Line Drive, 5L)
Batting: SHB Horatio McAllister 0-0: Ball
1-0: Foul Ball, location: 2F
1-1: Foul Ball, location: 2F
1-2: Ball
2-2: Ball
3-2: Strikes out swinging
Batting: RHB Juan Martínez 0-0: Called Strike
0-1: Ball
1-1: Called Strike
1-2: Foul Ball, location: 2F
1-2: Ground out 6-3 (Groundball, 6)
Bottom of the 5th over - 0 run(s), 0 hit(s), 0 error(s), 0 left on base; Gwinnett County 0 - Walla Walla 0
TOP OF THE 6TH
Gwinnett County Black Cats batting - Pitching for Walla Walla Walleye : RHP Ricardo Landrón
Batting: RHB Chang-lit Min 0-0: Ball
1-0: Ball
2-0: Hit by Pitch
Batting: RHB Luis Guerrero 0-0: Ball
Chang-lit Min steals 2nd base
1-0: Ball
Wild Pitch!
Chang-lit Min to third
2-0: Called Strike
2-1: Called Strike
2-2: Ball
3-2: Base on Balls
Batting: LHB Darrell Woodmansee 0-0: Ball
1-0: Ball
2-0: Called Strike
2-1: Fielders Choice at 2nd, 1-6 (Groundball, 13S)
Batting: RHB Dave Shaw 0-0: Ball
1-0: Ball
2-0: Called Strike
2-1: Foul Ball, location: 2F
2-2: Foul Ball, location: 2F
2-2: SINGLE (Groundball, 4) (infield hit)
Chang-lit Min scores
Darrell Woodmansee to second
Batting: SHB Ted Tullo 0-0: Ball
1-0: Swinging Strike
1-1: Called Strike
1-2: Strikes out swinging
Batting: RHB King Tracy 0-0: Ball
1-0: Fly out, F8 (Flyball, 8LD)
Top of the 6th over - 1 run(s), 1 hit(s), 0 error(s), 2 left on base; Gwinnett County 1 - Walla Walla 0
BOTTOM OF THE 6TH
Walla Walla Walleye batting - Pitching for Gwinnett County Black Cats : RHP Javier Reyes
Batting: RHB Joaquín Villarreal 0-0: Ball
1-0: Ball
2-0: Ball
3-0: Called Strike
3-1: Base on Balls
Batting: RHB Jerry Duke 0-0: Sac Bunt - play at first, batter OUT! 5-4
Joaquín Villarreal to second
Batting: SHB António Zúñiga 0-0: Ball
1-0: SINGLE (Groundball, 4MD)
Joaquín Villarreal to third
Batting: RHB Jing-sheng Joo 0-0: Ball
1-0: Ball
2-0: Called Strike
2-1: SINGLE (Line Drive, 4D)
Joaquín Villarreal scores
António Zúñiga to second
Runner from 2nd tries for 3rd, SAFE, no throw
Batting: LHB Michael Malloy 0-0: Ball
Jing-sheng Joo is caught stealing 2nd base
1-0: Ball
2-0: Fly out, F7 (Line Drive, 7)
Bottom of the 6th over - 1 run(s), 2 hit(s), 0 error(s), 1 left on base; Gwinnett County 1 - Walla Walla 1
TOP OF THE 7TH
Gwinnett County Black Cats batting - Pitching for Walla Walla Walleye : RHP Ricardo Landrón
Pinch Hitting: LHB Jace McNulty 0-0: Foul Ball, location: 2F
0-1: Ground out U3 (Groundball, 34)
Batting: LHB Octávio Ontiveros 0-0: Foul Ball, location: 2F
0-1: Ball
1-1: Ball
2-1: Ball
3-1: Called Strike
3-2: Base on Balls
Pinch Hitting: LHB Jim Unknown 0-0: Ball
1-0: DOUBLE (Groundball, 5L)
Octávio Ontiveros to third
Pinch Hitting: RHB Jim Unknown 0-0: Ball
1-0: Fly out, F9 (Flyball, 9LM)
Runner from 3rd tags up, SCORES, no throw
Batting: RHB Luis Guerrero 0-0: SINGLE (Flyball, 9S)
Jim Unknown to third
Runner from 3rd tries for Home, SAFE, no throw
Batting: LHB Darrell Woodmansee 0-0: Swinging Strike
0-1: Ground out U3 (Groundball, 3)
Top of the 7th over - 2 run(s), 2 hit(s), 0 error(s), 1 left on base; Gwinnett County 3 - Walla Walla 1
BOTTOM OF THE 7TH
Walla Walla Walleye batting - Pitching for Gwinnett County Black Cats : RHP Javier Reyes
Now at 1B: Jim Unknown
Now at 2B: Addie Kattenberg
Now in LF: Jace McNulty
Batting: RHB Joe Dundee 0-0: Called Strike
0-1: Ground out 6-3 (Groundball, 56)
Batting: LHB Gareth Monahan 0-0: Swinging Strike
0-1: Called Strike
0-2: Strikes out swinging
Batting: SHB Horatio McAllister 0-0: Ball
1-0: Foul Ball, location: 2F
1-1: Fly out, F7 (Flyball, 7D)
Bottom of the 7th over - 0 run(s), 0 hit(s), 0 error(s), 0 left on base; Gwinnett County 3 - Walla Walla 1
TOP OF THE 8TH
Gwinnett County Black Cats batting - Pitching for Walla Walla Walleye : RHP Ricardo Landrón
Batting: RHB Dave Shaw 0-0: Ball
1-0: Ball
2-0: Foul Ball, location: 2F
2-1: Ball
3-1: Called Strike
3-2: Foul Ball, location: 2F
3-2: Ground out 6-3 (Groundball, 6M)
Pitching: RHP José Marroquín
Batting: SHB Ted Tullo 0-0: Ball
1-0: Ball
2-0: Ball
3-0: Called Strike
3-1: DOUBLE (Flyball, 9D)
Batting: RHB King Tracy 0-0: Ball
1-0: Ball
Ted Tullo steals 3rd base
2-0: Foul Ball, location: 2F
2-1: Fly out, F8 (Flyball, 8LXD)
Runner from 3rd tags up, SCORES, no throw
Batting: LHB Jace McNulty 0-0: Swinging Strike
0-1: Swinging Strike
0-2: Ball
1-2: Strikes out swinging
Top of the 8th over - 1 run(s), 1 hit(s), 0 error(s), 0 left on base; Gwinnett County 4 - Walla Walla 1
BOTTOM OF THE 8TH
Walla Walla Walleye batting - Pitching for Gwinnett County Black Cats : RHP Javier Reyes
Batting: RHB Juan Martínez 0-0: Ball
1-0: Swinging Strike
1-1: Swinging Strike
1-2: Foul Ball, location: 2F
1-2: Ball
2-2: Strikes out swinging
Batting: RHB Joaquín Villarreal 0-0: Fly out, F6 (Popup, 6)
Batting: RHB Jerry Duke 0-0: Foul Ball, location: 2F
0-1: Ball
1-1: SINGLE (Line Drive, 8LS)
Batting: SHB António Zúñiga 0-0: Ball
1-0: Foul Ball, location: 2F
1-1: Ball
2-1: Swinging Strike
2-2: Fly out, F8 (Flyball, 8LM)
Bottom of the 8th over - 0 run(s), 1 hit(s), 0 error(s), 1 left on base; Gwinnett County 4 - Walla Walla 1
TOP OF THE 9TH
Gwinnett County Black Cats batting - Pitching for Walla Walla Walleye : RHP José Marroquín
Batting: LHB Octávio Ontiveros 0-0: Ball
1-0: Foul Ball, location: 2F
1-1: Foul Ball, location: 2F
1-2: Foul Ball, location: 2F
1-2: Strikes out swinging
Batting: LHB Jim Unknown 0-0: Called Strike
0-1: Called Strike
0-2: Strikes out looking
Batting: RHB Addie Kattenberg 0-0: Ball
1-0: Ball
2-0: Called Strike
2-1: Fly out, F9 (Flyball, 9LS)
Top of the 9th over - 0 run(s), 0 hit(s), 0 error(s), 0 left on base; Gwinnett County 4 - Walla Walla 1
BOTTOM OF THE 9TH
Walla Walla Walleye batting - Pitching for Gwinnett County Black Cats : RHP Javier Reyes
Pitching: RHP Héctor Salazar
Batting: RHB Jing-sheng Joo 0-0: Called Strike
0-1: Ball
1-1: Ball
2-1: Foul Ball, location: 2F
2-2: Strikes out swinging
Batting: LHB Michael Malloy 0-0: Ball
1-0: Ball
2-0: Ball
3-0: Called Strike
3-1: SINGLE (Line Drive, 89S)
Batting: RHB Joe Dundee 0-0: Swinging Strike
0-1: 2-RUN HOME RUN (Flyball, 7D), Distance : 410 ft
Pinch Hitting: SHB David Martínez 0-0: Swinging Strike
0-1: Foul Ball, location: 2F
0-2: SOLO HOME RUN (Flyball, 8RXD) (Inside the Park)
Pitching: LHP Santiago Gómez
Pinch Hitting: RHB Maik Palen 0-0: DOUBLE (Flyball, 78M)
Batting: RHB Juan Martínez 0-0: Intentional Walk
Pinch Hitting: RHB Tom Milligan 0-0: Grounds into double play, 6-4-3 (Groundball, 6)
Bottom of the 9th over - 3 run(s), 4 hit(s), 0 error(s), 1 left on base; Gwinnett County 4 - Walla Walla 4
TOP OF THE 10TH
Gwinnett County Black Cats batting - Pitching for Walla Walla Walleye : RHP José Marroquín
Pitching: RHP Erasmo Monteagudo
Now at C: Fernando Coke
Now at 1B: Maik Palen
Now at 3B: David Martínez
Batting: RHB Luis Guerrero 0-0: Called Strike
0-1: Ball
1-1: Swinging Strike
1-2: Ball
2-2: Ball
3-2: Base on Balls
Batting: LHB Darrell Woodmansee 0-0: Bunted foul
0-1: Ball
1-1: Ball
2-1: Ball
3-1: Sac Bunt - play at first, batter OUT! 1-4
Luis Guerrero to second
Batting: RHB Dave Shaw 0-0: Ball
1-0: Called Strike
1-1: Ball
2-1: Foul Ball, location: 2F
2-2: Strikes out swinging
Batting: SHB Ted Tullo 0-0: Foul Ball, location: 2F
0-1: Called Strike
0-2: Hit by Pitch
Pinch Hitting: RHB Jim Unknown 0-0: Called Strike
0-1: Fly out, F9 (Flyball, 9)
Top of the 10th over - 0 run(s), 0 hit(s), 0 error(s), 2 left on base; Gwinnett County 4 - Walla Walla 4
BOTTOM OF THE 10TH
Walla Walla Walleye batting - Pitching for Gwinnett County Black Cats : LHP Santiago Gómez
Now at C: Jim Unknown
Batting: RHB Jerry Duke 0-0: Ball
1-0: Called Strike
1-1: Foul Ball, location: 2F
1-2: Ball
2-2: SINGLE (Groundball, 6MD)
Batting: SHB António Zúñiga 0-0: Sac Bunt - play at first, batter OUT! 1-4
Jerry Duke to second
Batting: RHB Jing-sheng Joo 0-0: Intentional Walk
Pinch Hitting: RHB Isuru Tanaka 0-0: Called Strike
0-1: Ball
1-1: Called Strike
1-2: Foul Ball, location: 2F
1-2: Ball
2-2: Strikes out swinging
Batting: RHB Joe Dundee 0-0: Ball
1-0: Called Strike
1-1: Foul Ball, location: 2F
1-2: SINGLE (Flyball, 8LS)
Jerry Duke to third
Jing-sheng Joo to second
Runner from 3rd tries for Home, SAFE, no throw
Friday, December 30th, 2016 - OOTP Baseball 17.12 Build 75